 Dungeon Crawl Stone Soup version 0.26-a0-651-gb41185065b (webtiles) character file.

Game seed: 16130122150518957118

28729 Flugslaktarn the Cleaver (level 13, 91/127 HPs)
             Began as a Deep Dwarf Fighter on Oct 9, 2020.
             Was a High Priest of Makhleb.
             Quit the game on level 15 of the Dungeon.
             The game lasted 00:07:03 (8703 turns).

Flugslaktarn the Cleaver (Deep Dwarf Fighter)       Turns: 8703, Time: 00:07:03

Health: 91/127     AC: 19    Str: 29    XL:     13   Next: 11%
Magic:  0/0        EV: 17    Int: 11    God:    Makhleb [*****.]
Gold:   765        SH:  0    Dex: 16    Spells: 12/12 levels left

rFire    . . .     SeeInvis .   A - +1 war axe (freeze)
rCold    . . .     Faith    .   (no shield)
rNeg     . . .     Spirit   .   F - +0 plate armour
rPois    .         Reflect  .   u - +1 hat
rElec    .         Harm     .   e - +2 cloak
rCorr    .         Rampage  .   (no gloves)
MR       ++...                  (no boots)
Stlth    ..........             (no amulet)
HPRegen  0.00/turn              y - +6 ring of strength
MPRegen  0.07/turn              v - +4 ring of evasion

@: non-regenerating
A: damage resistance, heal wounds, clever 1, magic resistance 1, sense
surroundings 2, strong 1, subdued magic 1, no regeneration
a: Heal Wounds, Minor Destruction, Lesser Servant of Makhleb, Major Destruction,
Greater Servant of Makhleb, Renounce Religion


You were on level 15 of the Dungeon.
You worshipped Makhleb.
Makhleb was extremely pleased with you.
You visited 2 branches of the dungeon, and saw 16 of its levels.

You collected 765 gold pieces.

Inventory:

Hand Weapons
 A - a +1 war axe of freezing (weapon)
   (You took it off an orc wizard on level 7 of the Dungeon)
 B - a +2 broad axe
   (You found it on level 8 of the Dungeon)
Missiles
 s - 3 throwing nets (quivered)
Armour
 e - a +2 cloak (worn)
   (You found it on level 6 of the Dungeon)
 p - a +0 kite shield
 u - a +1 hat (worn)
   (You found it on level 3 of the Dungeon)
 F - a +0 plate armour (worn)
   (You took it off an orc warrior on level 12 of the Dungeon)
 I - a +0 tower shield
   (You found it on level 13 of the Dungeon)
Jewellery
 a - an uncursed ring of protection from magic
   (You found it on level 12 of the Dungeon)
 c - an uncursed ring of protection from cold
   (You found it on level 9 of the Dungeon)
 m - an uncursed ring of protection from magic
   (You found it on level 5 of the Dungeon)
 v - a +4 ring of evasion (right hand)
   (You found it on level 5 of the Dungeon)
 y - a +6 ring of strength (left hand)
   (You found it on level 11 of the Dungeon)
 H - an uncursed ring of protection from fire {unknown}
   (You found it on level 13 of the Dungeon)
 J - an uncursed amulet of regeneration {unknown}
   (You found it on level 14 of the Dungeon)
 K - an uncursed ring of see invisible {unknown}
   (You found it on level 14 of the Dungeon)
Wands
 g - a wand of digging (5)
   (You found it on level 9 of the Dungeon)
 i - a wand of enslavement (16)
   (You found it on level 11 of the Dungeon)
 M - a wand of paralysis (3)
   (You found it on level 7 of the Dungeon)
Scrolls
 b - a scroll of fog
 j - 4 scrolls of fear
 l - a scroll of magic mapping
 r - 6 scrolls of identify
 t - 6 scrolls of teleportation
 x - 7 scrolls of remove curse
 z - 3 scrolls of summoning
 E - a scroll of enchant armour {unknown}
 G - a scroll of silence {unknown}
 L - a scroll of enchant weapon
Potions
 d - a potion of lignification {unknown}
 f - 3 potions of mutation
 h - 2 potions of haste
 k - 3 potions of magic
 n - a potion of resistance
 o - a potion of ambrosia
 q - 2 potions of curing
 w - 3 potions of heal wounds
 C - a potion of berserk rage
 D - a potion of brilliance {unknown}


   Skills:
 * Level 11.5 Fighting
 * Level 13.3 Axes
 + Level 10.1 Armour
 + Level 8.1 Dodging
 - Level 5.8 Shields
 + Level 9.7 Invocations


You had 12 spell levels left.
You didn't know any spells.
Your spell library was empty.

Dungeon Overview and Level Annotations

Branches:
Dungeon (15/15)            Temple (1/1) D:7            Lair (0/6) D:11
    Orc (0/2) D:12         Vaults (0/5) D:13
 Depths: D:15

Altars:
Ashenzari
Cheibriados
Dithmenos
Elyvilon
Fedhas
Gozag
Hepliaklqana
Kikubaaqudgha
Makhleb
Nemelex Xobeh
Okawaru
Qazlal
Ru
Sif Muna
Trog
Uskayaw
Vehumet
Wu Jian
Xom
Yredelemnul
Zin
The Shining One
Jiyva
Lugonu


Innate Abilities, Weirdness & Mutations

You are resistant to damage.
You can heal yourself by infusing magical energy.
You passively map the area around you.
You do not regenerate.
Your mind is acute. (Int +2)
You are resistant to hostile enchantments. (MR+)
Your muscles are strong. (Str +2)
Your spells are a little easier to cast, but a little less powerful.


Message History

You slash the centaur warrior zombie!
The centaur warrior zombie is severely damaged.
The centaur warrior zombie barely misses you.
The centaur warrior zombie hits you but does no damage.
You slash the centaur warrior zombie!
The centaur warrior zombie is severely damaged.
The centaur warrior zombie misses you.
You slash the centaur warrior zombie!
The centaur warrior zombie is almost destroyed.
The centaur warrior zombie misses you.
You slash the centaur warrior zombie!
You destroy the centaur warrior zombie!
Makhleb accepts your kill.
You feel better.
No reachable target in view!
Found 3 potions of curing.
You see here a vampire mosquito corpse.
No reachable target in view!
No target in view!
Are you sure you want to abandon this character and quit the game? (Confirm with "yes".)

##?..####.).##...## , ,
###..######..###....
,.##[.##...:##..##....#
,
.##.!##....##).##y...#
##..##....##..##....
*#!.##...[##..##....
###..##..##..###....*,
* ##!..#..#...##..##+ ,
.###..@..†..###.y#, , ,
#..####)...####y....,
## .###########...y.y ,
#....######........#*
#...........#......#
#.....#.....#......*
#####.#.....# .... *
#.#####+#,,.., * , , ,


There were no monsters in sight!

Vanquished Creatures
  Frances (D:14)
  Harold (D:11)
  A hydra (D:11)
  3 two-headed ogres
  3 death yaks (D:11)
  An unseen horror (D:13)
  An unseen horror (shapeshifter) (D:12)
  Pikel (D:8)
  An orc knight (D:15)
  2 deep elf magi
  A manticore (D:14)
  An ugly thing (D:11)
  A salamander (shapeshifter) (D:13)
  A kobold demonologist (D:14)
  An efreet (D:14)
  A freezing wraith (D:13)
  3 trolls
  A hornet (D:11)
  A jumping spider (shapeshifter) (D:14)
  6 slime creatures
  4 hippogriffs
  2 shadows
  2 wyverns
  A water elemental (D:12)
  Eustachio (D:4)
  16 yaks
  9 wraiths
  A vampire mosquito (D:15)
  A fire elemental (D:13)
  2 soldier ants (D:13)
  A soldier ant (shapeshifter) (D:13)
  11 orc warriors
  A porcupine (D:11)
  Duvessa (D:6)
  An ice beast (D:10)
  2 black bears
  3 sky beasts
  4 phantoms
  A hornet zombie (D:9)
  2 eyes of draining (D:12)
  A necrophage (D:15)
  4 boggarts
  9 centaurs
  6 ogres
  4 lemures (D:8)
  A crocodile (shapeshifter) (D:12)
  A crocodile (D:12)
  4 big kobolds
  17 bullfrogs
  Dowan (D:6)
  5 scorpions
  6 killer bees (D:10)
  6 howler monkeys
  8 wights
  An electric eel (D:12)
  A lava snake (D:13)
  2 centaur zombies
  A bullfrog zombie (D:6)
  A quasit (D:7)
  4 centaur skeletons
  6 hounds
  14 orc priests
  A bullfrog skeleton (D:12)
  6 jellies
  11 orc wizards
  2 iguanas
  3 hell rats (D:11)
  13 worker ants
  A human simulacrum (D:10)
  2 hound zombies
  A hound skeleton (D:4)
  4 gnolls (D:6)
  A howler monkey skeleton (D:10)
  A worker ant zombie (D:9)
  A river rat (D:11)
  11 adders
  2 shadow imps
  3 white imps
  4 ufetubi
  An adder zombie (D:6)
  2 adder skeletons
  5 leopard geckos
  41 orcs
  2 ball pythons (D:5)
  3 giant cockroaches
  9 hobgoblins
  9 jackals
  8 quokkas
  A jackal skeleton (D:4)
  A jackal zombie (D:8)
  18 kobolds
  A leopard gecko zombie (D:6)
  A quokka skeleton (D:4)
  A quokka zombie (D:5)
  3 rats
374 creatures vanquished.

Vanquished Creatures (collateral kills)
  An ogre (D:11)
1 creature vanquished.

Vanquished Creatures (others)
  An orc wizard (D:12)
  A human simulacrum (D:10)
2 creatures vanquished.

Grand Total: 377 creatures vanquished

Notes
Turn   | Place    | Note
-------+----------+-------------------------------------------
     0 | D:1      | Flugslaktarn the Deep Dwarf Fighter began the quest for the
                  | Orb.
     0 | D:1      | Reached XP level 1. HP: 20/20 MP: 1/1
    50 | D:2      | Reached XP level 2. HP: 18/27 MP: 2/2
    53 | D:2      | Found an iron altar of Okawaru.
   181 | D:4      | Noticed a bullfrog
   197 | D:4      | Killed a bullfrog
   197 | D:4      | Reached skill level 3 in Axes
   197 | D:4      | Reached XP level 3. HP: 21/34 MP: 3/3
   197 | D:4      | Reached XP level 4. HP: 26/42 MP: 4/4
   262 | D:4      | Noticed Eustachio
   324 | D:4      | Killed Eustachio
   324 | D:4      | Reached skill level 4 in Axes
   324 | D:4      | Reached XP level 5. HP: 28/50 MP: 5/5
   354 | D:5      | Entered Level 5 of the Dungeon
   487 | D:4      | Found a stormy altar of Qazlal.
   490 | D:4      | Noticed a water elemental
   496 | D:4      | Noticed an air elemental
   527 | D:4      | Reached XP level 6. HP: 30/57 MP: 6/6
   708 | D:4      | Noticed a fire elemental
  1075 | D:5      | Reached skill level 5 in Axes
  1125 | D:5      | Reached XP level 7. HP: 47/66 MP: 6/6
  1334 | D:5      | Reached skill level 5 in Fighting
  1660 | D:6      | Noticed Dowan
  1660 | D:6      | Noticed Duvessa
  1673 | D:6      | Killed Dowan
  1673 | D:6      | Reached skill level 5 in Shields
  1678 | D:6      | Reached skill level 6 in Axes
  1678 | D:6      | Reached skill level 5 in Armour
  1692 | D:6      | Killed Duvessa
  1781 | D:6      | Reached XP level 8. HP: 46/75 MP: 5/5
  2023 | D:6      | Reached skill level 7 in Axes
  2440 | D:7      | Found a staircase to the Ecumenical Temple.
  2451 | Temple   | Entered the Ecumenical Temple
  2490 | Temple   | Became a worshipper of Makhleb the Destroyer
  2515 | D:7      | Found an ancient bone altar of Kikubaaqudgha.
  2566 | D:7      | Reached skill level 1 in Dodging
  2566 | D:7      | Reached skill level 1 in Invocations
  2842 | D:7      | Gained mutation: You passively map the area around you.
                  | [Deep Dwarf growth]
  2842 | D:7      | Reached XP level 9. HP: 56/85 MP: 7/7
  2861 | D:7      | Reached skill level 8 in Axes
  2919 | D:7      | Reached * piety under Makhleb
  2936 | D:7      | Found the +5 scythe "Finisher" {speed, eviscerate}
  2971 | D:7      | Found a bloodstained altar of Trog.
  2979 | D:7      | Found a white marble altar of Elyvilon.
  2980 | D:7      | Found an ornate altar of the Wu Jian Council.
  2988 | D:7      | Found a basalt altar of Yredelemnul.
  2988 | D:7      | Found a broken altar of Ashenzari.
  2989 | D:7      | Found a sacrificial altar of Ru.
  2990 | D:7      | Found a blossoming altar of Fedhas.
  3024 | D:7      | Found a hazy altar of Hepliaklqana.
  3256 | D:8      | Reached skill level 9 in Axes
  3341 | D:8      | Noticed Pikel
  3355 | D:8      | Killed Pikel
  3355 | D:8      | Reached XP level 10. HP: 44/96 MP: 10/10
  3784 | D:9      | Found an opulent altar of Gozag.
  3785 | D:9      | Found a sparkling altar of Nemelex Xobeh.
  4230 | D:9      | Found a hide-covered altar of Uskayaw.
  4234 | D:9      | Found a glowing silver altar of Zin.
  4234 | D:9      | Found a snail-covered altar of Cheibriados.
  4280 | D:9      | Noticed a two-headed ogre
  4293 | D:9      | Killed a two-headed ogre
  4293 | D:9      | Reached skill level 5 in Invocations
  4526 | D:10     | Entered Level 10 of the Dungeon
  4589 | D:9      | Reached ** piety under Makhleb
  4934 | D:10     | Reached skill level 10 in Axes
  5134 | D:10     | Reached skill level 5 in Dodging
  5352 | D:10     | Reached *** piety under Makhleb
  5640 | D:11     | Reached XP level 11. HP: 71/106 MP: 10/10
  5842 | D:11     | Noticed a two-headed ogre
  5850 | D:11     | Noticed Harold
  5857 | D:11     | Noticed a purple ugly thing
  5860 | D:11     | Killed a two-headed ogre
  5877 | D:11     | Noticed a four-headed hydra
  5880 | D:11     | Noticed a death yak
  5885 | D:11     | Noticed a death yak
  5889 | D:11     | Noticed a death yak
  5941 | D:11     | Killed a death yak
  5941 | D:11     | Reached skill level 11 in Axes
  5942 | D:11     | Killed a ten-headed hydra
  5949 | D:11     | Killed a death yak
  5950 | D:11     | Killed a purple ugly thing
  5950 | D:11     | Killed Harold
  5955 | D:11     | Reached skill level 10 in Fighting
  5957 | D:11     | Killed a death yak
  6000 | D:11     | Reached **** piety under Makhleb
  6109 | D:11     | Found a staircase to the Lair.
  6426 | D:12     | Gained mutation: Your spells are a little easier to cast,
                  | but a little less powerful. [potion of mutation]
  6426 | D:12     | Gained mutation: You are resistant to hostile enchantments.
                  | (MR+) [potion of mutation]
  6426 | D:12     | Gained mutation: Your mind is acute. (Int +2) [potion of
                  | mutation]
  6426 | D:12     | Gained mutation: Your muscles are strong. (Str +2) [potion
                  | of mutation]
  6523 | D:12     | Noticed a deep elf mage
  6563 | D:12     | Killed a deep elf mage
  6563 | D:12     | Reached XP level 12. HP: 41/117 MP: 7/7
  6622 | D:12     | Reached skill level 12 in Axes
  6729 | D:12     | Found a hide-covered altar of Uskayaw.
  6764 | D:12     | Found a shadowy altar of Dithmenos.
  7183 | D:12     | Found a staircase to the Orcish Mines.
  7255 | D:13     | Reached ***** piety under Makhleb
  7300 | D:13     | Found a gate to the Vaults.
  7316 | D:13     | Found a white marble altar of Elyvilon.
  7616 | D:13     | Found a viscous altar of Jiyva.
  8262 | D:14     | Found a gate leading to a gauntlet.
  8317 | D:14     | Noticed Frances
  8349 | D:14     | Killed Frances
  8349 | D:14     | Reached skill level 13 in Axes
  8525 | D:15     | Entered Level 15 of the Dungeon
  8542 | D:15     | HP: 5/120 [enormous slime creature (53)]
  8547 | D:15     | HP: 2/120 [large slime creature (21)]
  8556 | D:15     | Reached skill level 10 in Armour
  8583 | D:15     | Noticed a two-headed ogre
  8589 | D:15     | Killed a two-headed ogre
  8589 | D:15     | Reached XP level 13. HP: 79/127 MP: 2/2
  8703 | D:15     | Quit the game

Illustrated notes

Levels and vault maps discovered:
D:1:      lightli_arrival_noodles, layout_basic, columned_hall_lemuel,
          minmay_statues_item, hangedman_abyss_or_decor_lesser_grid,
          chequers_garden
D:2:      layout_rooms, overflow_temple_1_default, uniq_robin
D:3:      layout_rooms
D:4:      layout_basic, nicolae_qazlal_style_of_elements, uniq_eustachio
D:5:      cheibrodos_thug_alley, layout_basic
D:6:      layout_gridville, uniq_duvessa
D:7:      layout_loops_ring, grunt_temple_overflow_open, lemuel_round_altar,
          lemuel_crystal_altar, minmay_temple_entry_glassed_door,
          minmay_guarded_unrand_finisher
D:8:      layout_rooms, uniq_pikel
D:9:      layout_basic, grunt_temple_overflow_opulence,
          gammafunk_temple_overflow_forgotten
D:10:     layout_layer_cave, bh_circular_ruins
D:11:     layout_loops_ring, dpeg_lair_monsters, uniq_harold
D:12:     layout_loops_ring, erik_orc_2, basic_altar, grunt_dithmenos_shadows
D:13:     layout_big_octagon, david_vaults_2, basic_altar, jiyva_altar_1
D:14:     layout_roguey, minmay_fountain_box, gauntlet_entry_generic,
          uniq_frances
D:15:     gammafunk_enter_depths_forms, layout_irregular_city,
          minmay_mirror_moons_of_madness
Temple:   corrupted_temple

Skill      XL: |  1  2  3  4  5  6  7  8  9 10 11 12 |
---------------+-------------------------------------+-----
Fighting       | 3 4 5 6 7 9 10 11 | 11.5
Axes           | 3 4 5 6 7 9 10 11 13 | 13.3
Armour         | 4 5 6 7 9 10 | 10.1
Shields        | 4 5 |  5.8
Dodging        | 1 3 5 6 8 |  8.1
Invocations    | 1 4 6 8 9 |  9.7

Action                   |  1- 3 |  4- 6 |  7- 9 | 10-12 | 13-15 || total
-------------------------+-------+-------+-------+-------+-------++-------
Melee: War axe           |    45 |   146 |   383 |   857 |    59 ||  1490
Invok: Lesser Servant of |       |       |       |     4 |       ||     4
       Minor Destruction |       |       |       |     3 |       ||     3
 Abil: Heal Wounds       |     1 |     3 |    14 |    38 |     3 ||    59
Evoke: Wand              |       |       |       |     3 |       ||     3
  Use: Potion            |       |       |     1 |     3 |       ||     4
       Scroll            |       |       |    10 |    13 |       ||    23
 Stab: Paralysed         |       |       |       |     6 |       ||     6
       Distracted        |       |       |       |     1 |       ||     1
Armor: Scale mail        |    27 |   115 |   138 |   175 |       ||   455
       Plate armour      |       |       |       |   127 |    22 ||   149
Dodge: Dodged            |    17 |    73 |   198 |   527 |    30 ||   845
Block: Kite shield       |    31 |   103 |   264 |   399 |       ||   797
       Tower shield      |       |       |       |    12 |       ||    12

Table legend: (Time is in decaauts)
 A = Elapsed time spent in this place.
 B = Non-inter-level travel time spent in this place.
 C = Inter-level travel time spent in this place.
 D = Time resting spent in this place.
 E = Time spent auto-exploring this place.
 F = Levels seen in this place.
 G = Mean time per level.
                   A        B        C        D        E       F      G
               +--------+--------+--------+--------+--------+-----+--------+
         Total |   8952 |   8420 |    532 |    134 |   5557 |  16 |  559.5 |
       Dungeon |   8895 |   8387 |    508 |    134 |   5527 |  15 |  593.0 |
        Temple |     56 |     32 |     24 |      0 |     29 |   1 |   56.0 |
               +--------+--------+--------+--------+--------+-----+--------+

Top non-repeatable levels by time:
     D:5: 1065 daAuts
     D:9: 976 daAuts
    D:10: 965 daAuts
     D:7: 891 daAuts
    D:12: 828 daAuts
    D:11: 787 daAuts
     D:6: 784 daAuts
    D:14: 681 daAuts
    D:13: 616 daAuts
     D:4: 550 daAuts
     D:8: 458 daAuts
    D:15: 165 daAuts
  Temple: 56 daAuts
     D:2: 46 daAuts
     D:1: 41 daAuts
